Connexion

ARIZONA Coyotes vs SAN JOSE Sharks

Created - 3 décembre 2023 at 06:02

Goals
1 2 3 OT1 SO T
ARIZONA Coyotes 2 2 1 0 0 5
SAN JOSE Sharks 3 2 0 0 1 6
Shots
1 2 3 OT1 SO T
ARIZONA Coyotes 9 10 12 3 3 34
SAN JOSE Sharks 10 16 6 2 2 34

GoalsPenalties
1st period
1. ARIZONA Coyotes , Brayden Point 16 (Dougie Hamilton 21, Madison Bowey 13) at 3:36
2. SAN JOSE Sharks , Sean Couturier 11 (Tom Wilson 18, Mike Hoffman 14) at 4:04
3. SAN JOSE Sharks , Tom Wilson 11 (Mike Hoffman 15, Nathan Beaulieu 13) at 9:19
4. ARIZONA Coyotes , Timo Meier 12 (Brayden Point 23, Madison Bowey 14) at 12:09
5. SAN JOSE Sharks , Zemgus Girgensons 20 (Derek Stepan 27, Ondrej Palat 29) at 17:42
2nd period
6. SAN JOSE Sharks , Josh Anderson 6 (Derek Stepan 28, Jake Oettinger) at 4:26
7. ARIZONA Coyotes , Matt Boldy 11 (Nazem Kadri 27, Vince Dunn 26) at 11:28
8. ARIZONA Coyotes , Timo Meier 13 (Victor Olofsson 18, Brayden Point 24) at 15:11 (PP)
9. SAN JOSE Sharks , Tom Wilson 12 (Sean Couturier 21, Christian Jaros 18) at 17:44
Tom Wilson (S.J) for Cross-checking (Minor) at 2:24
Nathan Beaulieu (S.J) for Cross-checking (Minor) at 6:04
Justin Abdelkader (ARI) for Slashing (Minor) at 6:04
Ondrej Palat (S.J) for Interference (Minor) at 14:13
Brendan Perlini (S.J) for Roughing (Minor) at 18:46
Nazem Kadri (ARI) for Slashing (Minor) at 18:46
3rd period
10. ARIZONA Coyotes , Nazem Kadri 17 (Matthew Tkachuk 25) at 4:46
Matthew Tkachuk (ARI) for Interference (Minor) at 9:44
Rasmus Ristolainen (S.J) for Interference (Minor) at 15:55
Overtime #1
No Goal
Shootout
ARIZONA Coyotes , Brayden Point - Stopped by Jake Oettinger
SAN JOSE Sharks , Zemgus Girgensons - Goal!
ARIZONA Coyotes , Victor Olofsson - Stopped by Jake Oettinger
SAN JOSE Sharks , Ondrej Palat - Shot Misses the Net
ARIZONA Coyotes , Timo Meier - Shot Misses the Net
Goalie Stats
Andrei Vasilevsky (ARI), 21 saves from 22 shots - (0,955), OTL, 16-12-1, 40:34 minutes
Jaroslav Halak (ARI), 8 saves from 12 shots - (0,667), 24:26 minutes
Jake Oettinger (S.J), 29 saves from 34 shots - (0,853), W, 12-16-1, 65:00 minutes
3 StarsOfficial
1 - Tom Wilson (S.J)
2 - Timo Meier (ARI)
3 - Brayden Point (ARI)
Referees : Ian Walsh and Tim Peel
Linesman : Mark Wheler and Shane Heyer
Game Note
Andrei Vasilevsky enters game at 4:26 of 2nd period
Finance
Level 1 -- Attendance: 5654 (94,23%) -- Ticket Income $706,750
Level 2 -- Attendance: 4198 (93,37%) -- Ticket Income $373,622
Level 3 -- Attendance: 1965 (98,25%) -- Ticket Income $108,075
Level 4 -- Attendance: 2948 (73,70%) -- Ticket Income $117,920
Luxury Box -- Attendance: 961 (96,10%) -- Ticket Income $232,562
Game was played at the HP Pavilion.
Total Attendance: 15726 (89,88%)
Total Ticket Income: $1,538,929
Other Income: $307,786
Total Income: $1,846,715



Team Name Goals Shots Shots Attemp Shots Blocked PIM HIT PP PK FO%
ARIZONA Coyotes 5346796171 / 3 (33%)046%
SAN JOSE Sharks 634671210140 / 1 (0%)154%

ARIZONA Coyotes
Player Name POS G A P +/- PIM HIT SHT SB MP PP MP PP SHT PK MP PK SHT FO% FOT
Beau Starret C/LW000000000:000:0000:0000% 0
Braden SchneiderD000-2030014:350:0000:0000% 0
Brayden PointC/RW1231007018:532:0810:04057% 28
Carl HagelinLW/RW000-2002012:050:0000:54033% 3
Dillon DubeC/LW/RW000-2002013:090:0000:00035% 20
Dougie HamiltonD0112011124:202:4900:4600% 0
Justin AbdelkaderC/LW000-2230011:100:0000:0000% 2
Klim KostinC000001006:520:0000:00044% 9
Madison BoweyD0222011225:152:4900:4600% 0
Matt BoldyLW/RW1010003124:082:4800:000100% 1
Matthew TkachukLW/RW0110222020:032:4800:0000% 1
Nazem KadriC/LW/RW1120203024:382:4801:01047% 32
Sean DurziD000-1030120:562:0701:1300% 0
Timo MeierLW/RW2021019125:262:0820:45050% 2
Travis BoydC/LW/RW000000028:470:0001:1400% 0
Tucker PoolmanD000-2010118:160:0000:0000% 0
Victor OlofssonLW/RW0111004018:492:0810:00050% 2
Vince DunnD011-1010021:382:0701:1300% 0
SAN JOSE Sharks
Player Name POS G A P +/- PIM HIT SHT SB MP PP MP PP SHT PK MP PK SHT FO% FOT
Brendan PerliniLW/RW000-121108:180:0000:1200% 0
Christian JarosD0111031221:481:1203:1900% 0
Cody CeciD0001002116:420:0000:1500% 0
Connor BrownRW0000000011:570:0000:0000% 0
Derek StepanC/LW/RW0220004119:210:4701:20050% 2
Erik HaulaC/LW0000002114:100:0000:00033% 15
Josh AndersonRW101-100207:140:0001:510100% 1
Lucas RaymondLW0000001011:570:0000:00050% 2
Marcus PetterssonD000-1012025:360:4701:5300% 0
Michael McLeodC000-100005:230:0000:00050% 8
Mike HoffmanC/LW0222001118:321:1200:000100% 1
Nathan BeaulieuD0111210320:401:1203:0300% 0
Ondrej PalatLW0110224023:070:4702:26050% 2
Rasmus RistolainenD000-1221026:440:4700:4900% 0
Sean Couturier C1122004119:151:1200:00052% 27
Tom WilsonRW2132234017:441:1200:43060% 5
Vincent DesharnaisD0001011113:280:0000:3300% 0
Zemgus GirgensonsC/LW/RW1010004124:050:4703:20062% 37



Play-by-Play

1st period


0:01 of 1st period - Nazem Kadri wins face-off versus Ondrej Palat in neutral zone.
0:17 of 1st period - Shot by Ondrej Palat.
0:17 of 1st period - Shot Misses the Net.
0:35 of 1st period - Shot by Nazem Kadri.
0:35 of 1st period - Stopped by Jake Oettinger without a rebound.
0:36 of 1st period - Brayden Point wins face-off versus Sean Couturier in SAN JOSE Sharks zone.
0:36 of 1st period - Brayden Point is hit by Nathan Beaulieu.
0:52 of 1st period - Shot by Brayden Point.
0:52 of 1st period - Stopped by Jake Oettinger without a rebound.
0:53 of 1st period - Dillon Dube wins face-off versus Erik Haula in SAN JOSE Sharks zone.
1:02 of 1st period - Shot by Lucas Raymond.
1:02 of 1st period - Shot Blocked by Tucker Poolman.
1:04 of 1st period - Shot by Cody Ceci.
1:04 of 1st period - Stopped by Jaroslav Halak without a rebound.
1:05 of 1st period - Michael McLeod wins face-off versus Klim Kostin in ARIZONA Coyotes zone.
1:05 of 1st period - Marcus Pettersson is hit by Vince Dunn and loses puck.
1:46 of 1st period - Sean Durzi is hit by Brendan Perlini and loses puck.
2:32 of 1st period - Off-side.
2:33 of 1st period - Dillon Dube wins face-off versus Zemgus Girgensons in neutral zone.
2:36 of 1st period - Shot by Dillon Dube.
2:36 of 1st period - Stopped by Jake Oettinger with a rebound.
2:48 of 1st period - Shot by Justin Abdelkader.
2:48 of 1st period - Shot Blocked by Derek Stepan.
2:50 of 1st period - Shot by Tucker Poolman.
2:50 of 1st period - Shot Blocked by Christian Jaros.
2:52 of 1st period - Shot by Carl Hagelin.
2:52 of 1st period - Shot Misses the Net.
2:54 of 1st period - Shot by Tucker Poolman.
2:54 of 1st period - Shot Blocked by Zemgus Girgensons.
2:56 of 1st period - Shot by Carl Hagelin.
2:56 of 1st period - Shot Misses the Net.
3:23 of 1st period - Ondrej Palat is hit by Dougie Hamilton and loses puck.
3:36 of 1st period - Shot by Brayden Point.
3:36 of 1st period - Goal by Brayden Point - ARIZONA Coyotes : 1 - SAN JOSE Sharks : 0.
3:37 of 1st period - Nazem Kadri wins face-off versus Sean Couturier in neutral zone.
3:57 of 1st period - Mike Hoffman is hit by Sean Durzi and loses puck.
4:02 of 1st period - Shot by Tom Wilson.
4:02 of 1st period - Shot Misses the Net.
4:04 of 1st period - Shot by Sean Couturier .
4:04 of 1st period - Goal by Sean Couturier - ARIZONA Coyotes : 1 - SAN JOSE Sharks : 1.
4:05 of 1st period - Brayden Point wins face-off versus Erik Haula in neutral zone.
4:38 of 1st period - Shot by Erik Haula.
4:38 of 1st period - Shot Blocked by Dougie Hamilton.
4:40 of 1st period - Shot by Rasmus Ristolainen.
4:40 of 1st period - Stopped by Jaroslav Halak without a rebound.
4:41 of 1st period - Nazem Kadri wins face-off versus Sean Couturier in ARIZONA Coyotes zone.
4:41 of 1st period - Nazem Kadri is hit by Tom Wilson.
5:17 of 1st period - Shot by Nazem Kadri.
5:17 of 1st period - Shot Blocked by Cody Ceci.
6:21 of 1st period - Icing by Rasmus Ristolainen.
6:22 of 1st period - Brayden Point wins face-off versus Zemgus Girgensons in SAN JOSE Sharks zone.
6:29 of 1st period - Shot by Victor Olofsson.
6:29 of 1st period - Stopped by Jake Oettinger without a rebound.
6:30 of 1st period - Brayden Point wins face-off versus Erik Haula in SAN JOSE Sharks zone.
8:12 of 1st period - Icing by Rasmus Ristolainen.
8:13 of 1st period - Zemgus Girgensons wins face-off versus Dillon Dube in SAN JOSE Sharks zone.
8:25 of 1st period - Icing by Marcus Pettersson.
8:26 of 1st period - Zemgus Girgensons wins face-off versus Brayden Point in SAN JOSE Sharks zone.
8:44 of 1st period - Icing by Dougie Hamilton.
8:45 of 1st period - Tom Wilson wins face-off versus Brayden Point in ARIZONA Coyotes zone.
8:57 of 1st period - Icing by Nathan Beaulieu.
8:58 of 1st period - Nazem Kadri wins face-off versus Sean Couturier in SAN JOSE Sharks zone.
9:01 of 1st period - Shot by Nazem Kadri.
9:01 of 1st period - Shot Misses the Net.
9:15 of 1st period - Shot by Mike Hoffman.
9:15 of 1st period - Shot Misses the Net.
9:19 of 1st period - Shot by Mike Hoffman.
9:19 of 1st period - Deflect By Tom Wilson.
9:19 of 1st period - Goal by Tom Wilson - ARIZONA Coyotes : 1 - SAN JOSE Sharks : 2.
9:20 of 1st period - Brayden Point wins face-off versus Erik Haula in neutral zone.
10:45 of 1st period - Shot by Matthew Tkachuk.
10:45 of 1st period - Shot Misses the Net.
11:25 of 1st period - Shot by Tom Wilson.
11:25 of 1st period - Stopped by Jaroslav Halak without a rebound.
11:26 of 1st period - Dillon Dube wins face-off versus Michael McLeod in ARIZONA Coyotes zone.
11:48 of 1st period - Off-side.
11:49 of 1st period - Sean Couturier wins face-off versus Brayden Point in neutral zone.
12:05 of 1st period - Shot by Brayden Point.
12:05 of 1st period - Shot Misses the Net.
12:07 of 1st period - Shot by Timo Meier.
12:07 of 1st period - Shot Misses the Net.
12:09 of 1st period - Shot by Timo Meier.
12:09 of 1st period - Goal by Timo Meier - ARIZONA Coyotes : 2 - SAN JOSE Sharks : 2.
12:10 of 1st period - Nazem Kadri wins face-off versus Zemgus Girgensons in neutral zone.
12:25 of 1st period - Shot by Zemgus Girgensons.
12:25 of 1st period - Stopped by Jaroslav Halak with a rebound.
12:45 of 1st period - Shot by Matthew Tkachuk.
12:45 of 1st period - Stopped by Jake Oettinger without a rebound.
12:46 of 1st period - Tom Wilson wins face-off versus Carl Hagelin in SAN JOSE Sharks zone.
13:14 of 1st period - Icing by Justin Abdelkader.
13:15 of 1st period - Lucas Raymond wins face-off versus Dillon Dube in ARIZONA Coyotes zone.
14:20 of 1st period - Icing by Nazem Kadri.
14:21 of 1st period - Nazem Kadri wins face-off versus Zemgus Girgensons in ARIZONA Coyotes zone.
14:21 of 1st period - Nazem Kadri is hit by Ondrej Palat.
14:41 of 1st period - Zemgus Girgensons is hit by Sean Durzi and loses puck.
14:58 of 1st period - Shot by Nazem Kadri.
14:58 of 1st period - Stopped by Jake Oettinger with a rebound.
16:04 of 1st period - Icing by Nathan Beaulieu.
16:05 of 1st period - Dillon Dube wins face-off versus Sean Couturier in SAN JOSE Sharks zone.
16:09 of 1st period - Icing by Christian Jaros.
16:10 of 1st period - Sean Couturier wins face-off versus Klim Kostin in SAN JOSE Sharks zone.
16:55 of 1st period - Icing by Dougie Hamilton.
16:56 of 1st period - Michael McLeod wins face-off versus Klim Kostin in ARIZONA Coyotes zone.
16:59 of 1st period - Shot by Brendan Perlini.
16:59 of 1st period - Shot Blocked by Travis Boyd.
17:01 of 1st period - Shot by Michael McLeod.
17:01 of 1st period - Shot Blocked by Travis Boyd.
17:03 of 1st period - Shot by Marcus Pettersson.
17:03 of 1st period - Stopped by Jaroslav Halak without a rebound.
17:04 of 1st period - Michael McLeod wins face-off versus Brayden Point in ARIZONA Coyotes zone.
17:09 of 1st period - Shot by Brendan Perlini.
17:09 of 1st period - Shot Misses the Net.
17:15 of 1st period - Shot by Brendan Perlini.
17:15 of 1st period - Shot Misses the Net.
17:28 of 1st period - Josh Anderson is hit by Sean Durzi and loses puck.
17:31 of 1st period - Shot by Josh Anderson.
17:31 of 1st period - Stopped by Jaroslav Halak without a rebound.
17:32 of 1st period - Zemgus Girgensons wins face-off versus Dillon Dube in ARIZONA Coyotes zone.
17:33 of 1st period - Shot by Ondrej Palat.
17:33 of 1st period - Shot Misses the Net.
17:36 of 1st period - Icing by Carl Hagelin.
17:37 of 1st period - Zemgus Girgensons wins face-off versus Dillon Dube in ARIZONA Coyotes zone.
17:42 of 1st period - Shot by Zemgus Girgensons.
17:42 of 1st period - Goal by Zemgus Girgensons - ARIZONA Coyotes : 2 - SAN JOSE Sharks : 3.
17:43 of 1st period - Nazem Kadri wins face-off versus Zemgus Girgensons in neutral zone.
17:53 of 1st period - Shot by Sean Durzi.
17:53 of 1st period - Shot Misses the Net.
17:55 of 1st period - Shot by Matt Boldy.
17:55 of 1st period - Shot Misses the Net.
18:01 of 1st period - Shot by Matthew Tkachuk.
18:01 of 1st period - Stopped by Jake Oettinger without a rebound.
18:02 of 1st period - Brayden Point wins face-off versus Sean Couturier in SAN JOSE Sharks zone.
18:33 of 1st period - Dougie Hamilton is hit by Tom Wilson and loses puck.
19:13 of 1st period - Icing by Christian Jaros.
19:14 of 1st period - Sean Couturier wins face-off versus Dillon Dube in SAN JOSE Sharks zone.
19:14 of 1st period - Sean Couturier is hit by Justin Abdelkader.
19:43 of 1st period - Carl Hagelin is hit by Marcus Pettersson and loses puck.
19:56 of 1st period - Shot by Derek Stepan.
19:56 of 1st period - Stopped by Jaroslav Halak without a rebound.
19:57 of 1st period - Nazem Kadri wins face-off versus Erik Haula in ARIZONA Coyotes zone.
Goals for this period are 2 for ARIZONA Coyotes vs 3 for SAN JOSE Sharks .
Shots for this period are 9 for ARIZONA Coyotes vs 10 for SAN JOSE Sharks .

2nd period


0:01 of 2nd period - Nazem Kadri wins face-off versus Zemgus Girgensons in neutral zone.
0:06 of 2nd period - Shot by Vince Dunn.
0:06 of 2nd period - Shot Misses the Net.
0:27 of 2nd period - Icing by Marcus Pettersson.
0:28 of 2nd period - Zemgus Girgensons wins face-off versus Brayden Point in SAN JOSE Sharks zone.
0:43 of 2nd period - Shot by Brayden Point.
0:43 of 2nd period - Stopped by Jake Oettinger without a rebound.
0:44 of 2nd period - Erik Haula wins face-off versus Klim Kostin in SAN JOSE Sharks zone.
0:44 of 2nd period - Erik Haula is hit by Klim Kostin.
1:39 of 2nd period - Off-side.
1:40 of 2nd period - Brayden Point wins face-off versus Zemgus Girgensons in neutral zone.
2:15 of 2nd period - Shot by Ondrej Palat.
2:15 of 2nd period - Stopped by Jaroslav Halak without a rebound.
2:16 of 2nd period - Sean Couturier wins face-off versus Nazem Kadri in ARIZONA Coyotes zone.
2:24 of 2nd period - Minor Penalty to Tom Wilson for Cross-checking.
2:25 of 2nd period - Zemgus Girgensons wins face-off versus Nazem Kadri in SAN JOSE Sharks zone.
3:46 of 2nd period - Shot by Brayden Point.
3:46 of 2nd period - Stopped by Jake Oettinger without a rebound.
3:47 of 2nd period - Brayden Point wins face-off versus Derek Stepan in SAN JOSE Sharks zone.
4:26 of 2nd period - Shot by Josh Anderson.
4:26 of 2nd period - Goal by Josh Anderson - ARIZONA Coyotes : 2 - SAN JOSE Sharks : 4.
4:26 of 2nd period - Andrei Vasilevsky enters game.
4:27 of 2nd period - Sean Couturier wins face-off versus Dillon Dube in neutral zone.
4:30 of 2nd period - Shot by Sean Couturier .
4:30 of 2nd period - Stopped by Andrei Vasilevsky without a rebound.
4:31 of 2nd period - Sean Couturier wins face-off versus Nazem Kadri in ARIZONA Coyotes zone.
4:36 of 2nd period - Shot by Sean Couturier .
4:36 of 2nd period - Stopped by Andrei Vasilevsky without a rebound.
4:37 of 2nd period - Sean Couturier wins face-off versus Nazem Kadri in ARIZONA Coyotes zone.
5:59 of 2nd period - Icing by Nathan Beaulieu.
6:00 of 2nd period - Dillon Dube wins face-off versus Erik Haula in SAN JOSE Sharks zone.
6:04 of 2nd period - Minor Penalty to Nathan Beaulieu for Cross-checking.
6:04 of 2nd period - Minor Penalty to Justin Abdelkader for Slashing.
6:05 of 2nd period - Nazem Kadri wins face-off versus Zemgus Girgensons in SAN JOSE Sharks zone.
6:43 of 2nd period - Off-side.
6:44 of 2nd period - Zemgus Girgensons wins face-off versus Dillon Dube in neutral zone.
6:51 of 2nd period - Shot by Zemgus Girgensons.
6:51 of 2nd period - Deflect By Ondrej Palat.
6:51 of 2nd period - Shot Blocked by Timo Meier.
6:53 of 2nd period - Shot by Zemgus Girgensons.
6:53 of 2nd period - Shot Misses the Net.
6:55 of 2nd period - Shot by Christian Jaros.
6:55 of 2nd period - Stopped by Andrei Vasilevsky without a rebound.
6:56 of 2nd period - Zemgus Girgensons wins face-off versus Nazem Kadri in ARIZONA Coyotes zone.
8:07 of 2nd period - Vincent Desharnais is hit by Justin Abdelkader and loses puck.
8:39 of 2nd period - Shot by Dillon Dube.
8:39 of 2nd period - Stopped by Jake Oettinger without a rebound.
8:40 of 2nd period - Klim Kostin wins face-off versus Erik Haula in SAN JOSE Sharks zone.
8:49 of 2nd period - Shot by Lucas Raymond.
8:49 of 2nd period - Shot Misses the Net.
8:51 of 2nd period - Shot by Lucas Raymond.
8:51 of 2nd period - Stopped by Andrei Vasilevsky with a rebound.
9:10 of 2nd period - Matt Boldy is hit by Christian Jaros and loses puck.
9:32 of 2nd period - Icing by Connor Brown.
9:33 of 2nd period - Brayden Point wins face-off versus Lucas Raymond in SAN JOSE Sharks zone.
10:19 of 2nd period - Brayden Point is hit by Rasmus Ristolainen and loses puck.
10:34 of 2nd period - Icing by Tucker Poolman.
10:35 of 2nd period - Brayden Point wins face-off versus Sean Couturier in ARIZONA Coyotes zone.
11:12 of 2nd period - Shot by Nazem Kadri.
11:12 of 2nd period - Shot Misses the Net.
11:14 of 2nd period - Shot by Nazem Kadri.
11:14 of 2nd period - Shot Blocked by Sean Couturier .
11:16 of 2nd period - Shot by Matt Boldy.
11:16 of 2nd period - Shot Misses the Net.
11:18 of 2nd period - Shot by Nazem Kadri.
11:18 of 2nd period - Shot Blocked by Mike Hoffman.
11:26 of 2nd period - Shot by Nazem Kadri.
11:26 of 2nd period - Shot Misses the Net.
11:28 of 2nd period - Shot by Matt Boldy.
11:28 of 2nd period - Goal by Matt Boldy - ARIZONA Coyotes : 3 - SAN JOSE Sharks : 4.
11:29 of 2nd period - Dillon Dube wins face-off versus Zemgus Girgensons in neutral zone.
12:01 of 2nd period - Shot by Derek Stepan.
12:01 of 2nd period - Shot Blocked by Madison Bowey.
12:03 of 2nd period - Shot by Derek Stepan.
12:03 of 2nd period - Stopped by Andrei Vasilevsky with a rebound.
12:05 of 2nd period - Shot by Derek Stepan.
12:05 of 2nd period - Shot Hit the Post.
12:34 of 2nd period - Off-side.
12:35 of 2nd period - Matt Boldy wins face-off versus Erik Haula in neutral zone.
13:10 of 2nd period - Shot by Erik Haula.
13:10 of 2nd period - Stopped by Andrei Vasilevsky without a rebound.
13:11 of 2nd period - Sean Couturier wins face-off versus Brayden Point in ARIZONA Coyotes zone.
13:13 of 2nd period - Mike Hoffman is hit by Braden Schneider and loses puck.
14:13 of 2nd period - Minor Penalty to Ondrej Palat for Interference.
14:14 of 2nd period - Zemgus Girgensons wins face-off versus Nazem Kadri in SAN JOSE Sharks zone.
14:14 of 2nd period - Christian Jaros is hit by Matthew Tkachuk.
14:36 of 2nd period - Shot by Matthew Tkachuk.
14:36 of 2nd period - Shot Blocked by Nathan Beaulieu.
15:11 of 2nd period - Shot by Timo Meier.
15:11 of 2nd period - Goal by Timo Meier - ARIZONA Coyotes : 4 - SAN JOSE Sharks : 4.
15:12 of 2nd period - Erik Haula wins face-off versus Dillon Dube in neutral zone.
15:19 of 2nd period - Shot by Connor Brown.
15:19 of 2nd period - Shot Misses the Net.
15:21 of 2nd period - Shot by Vincent Desharnais.
15:21 of 2nd period - Stopped by Andrei Vasilevsky with a rebound.
15:23 of 2nd period - Shot by Cody Ceci.
15:23 of 2nd period - Shot Misses the Net.
15:25 of 2nd period - Shot by Erik Haula.
15:25 of 2nd period - Stopped by Andrei Vasilevsky without a rebound.
15:26 of 2nd period - Brayden Point wins face-off versus Sean Couturier in ARIZONA Coyotes zone.
15:26 of 2nd period - Timo Meier is hit by Tom Wilson and loses puck.
15:59 of 2nd period - Shot by Timo Meier.
15:59 of 2nd period - Deflect By Brayden Point.
15:59 of 2nd period - Stopped by Jake Oettinger without a rebound.
16:00 of 2nd period - Erik Haula wins face-off versus Nazem Kadri in SAN JOSE Sharks zone.
16:15 of 2nd period - Shot by Connor Brown.
16:15 of 2nd period - Shot Misses the Net.
16:25 of 2nd period - Shot by Matt Boldy.
16:25 of 2nd period - Shot Blocked by Vincent Desharnais.
16:27 of 2nd period - Shot by Dougie Hamilton.
16:27 of 2nd period - Stopped by Jake Oettinger without a rebound.
16:28 of 2nd period - Zemgus Girgensons wins face-off versus Justin Abdelkader in SAN JOSE Sharks zone.
16:39 of 2nd period - Shot by Zemgus Girgensons.
16:39 of 2nd period - Stopped by Andrei Vasilevsky without a rebound.
16:40 of 2nd period - Sean Couturier wins face-off versus Brayden Point in ARIZONA Coyotes zone.
16:45 of 2nd period - Shot by Sean Couturier .
16:45 of 2nd period - Shot Misses the Net.
16:55 of 2nd period - Shot by Mike Hoffman.
16:55 of 2nd period - Shot Blocked by Sean Durzi.
17:01 of 2nd period - Shot by Sean Couturier .
17:01 of 2nd period - Stopped by Andrei Vasilevsky without a rebound.
17:02 of 2nd period - Zemgus Girgensons wins face-off versus Nazem Kadri in ARIZONA Coyotes zone.
17:07 of 2nd period - Shot by Derek Stepan.
17:07 of 2nd period - Stopped by Andrei Vasilevsky with a rebound.
17:19 of 2nd period - Shot by Nazem Kadri.
17:19 of 2nd period - Shot Misses the Net.
17:25 of 2nd period - Shot by Matthew Tkachuk.
17:25 of 2nd period - Shot Misses the Net.
17:27 of 2nd period - Shot by Madison Bowey.
17:27 of 2nd period - Stopped by Jake Oettinger without a rebound.
17:28 of 2nd period - Tom Wilson wins face-off versus Brayden Point in SAN JOSE Sharks zone.
17:28 of 2nd period - Tom Wilson is hit by Timo Meier.
17:42 of 2nd period - Shot by Sean Couturier .
17:42 of 2nd period - Shot Misses the Net.
17:44 of 2nd period - Shot by Tom Wilson.
17:44 of 2nd period - Goal by Tom Wilson - ARIZONA Coyotes : 4 - SAN JOSE Sharks : 5.
17:45 of 2nd period - Zemgus Girgensons wins face-off versus Matthew Tkachuk in neutral zone.
18:13 of 2nd period - Icing by Dougie Hamilton.
18:14 of 2nd period - Michael McLeod wins face-off versus Nazem Kadri in ARIZONA Coyotes zone.
18:46 of 2nd period - Minor Penalty to Brendan Perlini for Roughing.
18:46 of 2nd period - Minor Penalty to Nazem Kadri for Slashing.
18:47 of 2nd period - Zemgus Girgensons wins face-off versus Dillon Dube in neutral zone.
19:25 of 2nd period - Shot by Ondrej Palat.
19:25 of 2nd period - Stopped by Andrei Vasilevsky with a rebound.
19:38 of 2nd period - Icing by Dillon Dube.
19:39 of 2nd period - Derek Stepan wins face-off versus Dillon Dube in ARIZONA Coyotes zone.
19:46 of 2nd period - Shot by Tom Wilson.
19:46 of 2nd period - Stopped by Andrei Vasilevsky without a rebound.
19:47 of 2nd period - Klim Kostin wins face-off versus Zemgus Girgensons in ARIZONA Coyotes zone.
19:55 of 2nd period - Shot by Timo Meier.
19:55 of 2nd period - Stopped by Jake Oettinger without a rebound.
19:56 of 2nd period - Timo Meier wins face-off versus Zemgus Girgensons in SAN JOSE Sharks zone.
19:59 of 2nd period - Shot by Klim Kostin.
19:59 of 2nd period - Deflect By Timo Meier.
19:59 of 2nd period - Stopped by Jake Oettinger without a rebound.
Goals for this period are 2 for ARIZONA Coyotes vs 2 for SAN JOSE Sharks .
Shots for this period are 10 for ARIZONA Coyotes vs 16 for SAN JOSE Sharks .

3rd period


0:01 of 3rd period - Zemgus Girgensons wins face-off versus Dillon Dube in neutral zone.
0:29 of 3rd period - Zemgus Girgensons is hit by Madison Bowey and loses puck.
0:34 of 3rd period - Shot by Ondrej Palat.
0:34 of 3rd period - Shot Blocked by Madison Bowey.
0:57 of 3rd period - Mike Hoffman is hit by Braden Schneider and loses puck.
1:12 of 3rd period - Shot by Sean Couturier .
1:12 of 3rd period - Shot Misses the Net.
1:19 of 3rd period - Mike Hoffman is hit by Tucker Poolman and loses puck.
2:05 of 3rd period - Icing by Brayden Point.
2:06 of 3rd period - Zemgus Girgensons wins face-off versus Brayden Point in ARIZONA Coyotes zone.
2:09 of 3rd period - Shot by Ondrej Palat.
2:09 of 3rd period - Stopped by Andrei Vasilevsky without a rebound.
2:10 of 3rd period - Zemgus Girgensons wins face-off versus Dillon Dube in ARIZONA Coyotes zone.
2:23 of 3rd period - Shot by Derek Stepan.
2:23 of 3rd period - Shot Misses the Net.
2:25 of 3rd period - Shot by Zemgus Girgensons.
2:25 of 3rd period - Stopped by Andrei Vasilevsky without a rebound.
2:26 of 3rd period - Nazem Kadri wins face-off versus Erik Haula in ARIZONA Coyotes zone.
3:09 of 3rd period - Lucas Raymond is hit by Braden Schneider and loses puck.
3:20 of 3rd period - Off-side.
3:21 of 3rd period - Zemgus Girgensons wins face-off versus Timo Meier in neutral zone.
3:34 of 3rd period - Shot by Timo Meier.
3:34 of 3rd period - Deflect By Brayden Point.
3:34 of 3rd period - Stopped by Jake Oettinger without a rebound.
3:35 of 3rd period - Sean Couturier wins face-off versus Dillon Dube in SAN JOSE Sharks zone.
4:00 of 3rd period - Shot by Vince Dunn.
4:00 of 3rd period - Shot Blocked by Nathan Beaulieu.
4:02 of 3rd period - Shot by Justin Abdelkader.
4:02 of 3rd period - Shot Blocked by Nathan Beaulieu.
4:04 of 3rd period - Shot by Carl Hagelin.
4:04 of 3rd period - Stopped by Jake Oettinger without a rebound.
4:05 of 3rd period - Brayden Point wins face-off versus Zemgus Girgensons in SAN JOSE Sharks zone.
4:31 of 3rd period - Icing by Dougie Hamilton.
4:32 of 3rd period - Brayden Point wins face-off versus Tom Wilson in ARIZONA Coyotes zone.
4:43 of 3rd period - Shot by Timo Meier.
4:43 of 3rd period - Stopped by Jake Oettinger without a rebound.
4:44 of 3rd period - Nazem Kadri wins face-off versus Michael McLeod in SAN JOSE Sharks zone.
4:44 of 3rd period - Matthew Tkachuk is hit by Rasmus Ristolainen.
4:46 of 3rd period - Shot by Nazem Kadri.
4:46 of 3rd period - Goal by Nazem Kadri - ARIZONA Coyotes : 5 - SAN JOSE Sharks : 5.
4:47 of 3rd period - Zemgus Girgensons wins face-off versus Nazem Kadri in neutral zone.
5:04 of 3rd period - Shot by Matt Boldy.
5:04 of 3rd period - Stopped by Jake Oettinger without a rebound.
5:05 of 3rd period - Brayden Point wins face-off versus Sean Couturier in SAN JOSE Sharks zone.
5:05 of 3rd period - Timo Meier is hit by Christian Jaros and loses puck.
5:14 of 3rd period - Shot by Victor Olofsson.
5:14 of 3rd period - Stopped by Jake Oettinger without a rebound.
5:15 of 3rd period - Zemgus Girgensons wins face-off versus Nazem Kadri in SAN JOSE Sharks zone.
5:15 of 3rd period - Ondrej Palat is hit by Matthew Tkachuk and loses puck.
5:21 of 3rd period - Off-side.
5:22 of 3rd period - Ondrej Palat wins face-off versus Nazem Kadri in neutral zone.
5:39 of 3rd period - Shot by Ondrej Palat.
5:39 of 3rd period - Stopped by Andrei Vasilevsky with a rebound.
5:41 of 3rd period - Shot by Marcus Pettersson.
5:41 of 3rd period - Stopped by Andrei Vasilevsky without a rebound.
5:42 of 3rd period - Sean Couturier wins face-off versus Brayden Point in ARIZONA Coyotes zone.
6:02 of 3rd period - Shot by Mike Hoffman.
6:02 of 3rd period - Stopped by Andrei Vasilevsky without a rebound.
6:03 of 3rd period - Nazem Kadri wins face-off versus Zemgus Girgensons in ARIZONA Coyotes zone.
6:37 of 3rd period - Icing by Dougie Hamilton.
6:38 of 3rd period - Nazem Kadri wins face-off versus Sean Couturier in ARIZONA Coyotes zone.
7:35 of 3rd period - Shot by Brayden Point.
7:35 of 3rd period - Shot Misses the Net.
7:37 of 3rd period - Shot by Timo Meier.
7:37 of 3rd period - Shot Misses the Net.
7:39 of 3rd period - Shot by Brayden Point.
7:39 of 3rd period - Shot Misses the Net.
7:41 of 3rd period - Shot by Victor Olofsson.
7:41 of 3rd period - Stopped by Jake Oettinger without a rebound.
7:42 of 3rd period - Zemgus Girgensons wins face-off versus Justin Abdelkader in SAN JOSE Sharks zone.
9:44 of 3rd period - Minor Penalty to Matthew Tkachuk for Interference.
9:45 of 3rd period - Brayden Point wins face-off versus Tom Wilson in ARIZONA Coyotes zone.
10:08 of 3rd period - Icing by Mike Hoffman.
10:09 of 3rd period - Mike Hoffman wins face-off versus Carl Hagelin in SAN JOSE Sharks zone.
10:26 of 3rd period - Icing by Tom Wilson.
10:27 of 3rd period - Nazem Kadri wins face-off versus Sean Couturier in SAN JOSE Sharks zone.
11:32 of 3rd period - Carl Hagelin is hit by Ondrej Palat and loses puck.
12:44 of 3rd period - Icing by Christian Jaros.
12:45 of 3rd period - Dillon Dube wins face-off versus Michael McLeod in SAN JOSE Sharks zone.
12:58 of 3rd period - Shot by Michael McLeod.
12:58 of 3rd period - Shot Misses the Net.
13:10 of 3rd period - Shot by Dillon Dube.
13:10 of 3rd period - Shot Blocked by Christian Jaros.
14:00 of 3rd period - Shot by Ondrej Palat.
14:00 of 3rd period - Shot Misses the Net.
14:02 of 3rd period - Shot by Marcus Pettersson.
14:02 of 3rd period - Shot Misses the Net.
14:04 of 3rd period - Shot by Derek Stepan.
14:04 of 3rd period - Stopped by Andrei Vasilevsky with a rebound.
14:13 of 3rd period - Off-side.
14:14 of 3rd period - Sean Couturier wins face-off versus Brayden Point in neutral zone.
14:22 of 3rd period - Victor Olofsson is hit by Vincent Desharnais and loses puck.
14:27 of 3rd period - Shot by Victor Olofsson.
14:27 of 3rd period - Deflect By Brayden Point.
14:27 of 3rd period - Stopped by Jake Oettinger without a rebound.
14:28 of 3rd period - Klim Kostin wins face-off versus Erik Haula in SAN JOSE Sharks zone.
14:45 of 3rd period - Shot by Erik Haula.
14:45 of 3rd period - Shot Blocked by Matt Boldy.
15:05 of 3rd period - Shot by Matt Boldy.
15:05 of 3rd period - Stopped by Jake Oettinger with a rebound.
15:55 of 3rd period - Minor Penalty to Rasmus Ristolainen for Interference.
15:56 of 3rd period - Zemgus Girgensons wins face-off versus Brayden Point in SAN JOSE Sharks zone.
16:14 of 3rd period - Shot by Victor Olofsson.
16:14 of 3rd period - Stopped by Jake Oettinger without a rebound.
16:15 of 3rd period - Zemgus Girgensons wins face-off versus Nazem Kadri in SAN JOSE Sharks zone.
17:37 of 3rd period - Shot by Timo Meier.
17:37 of 3rd period - Stopped by Jake Oettinger without a rebound.
17:38 of 3rd period - Josh Anderson wins face-off versus Nazem Kadri in SAN JOSE Sharks zone.
18:05 of 3rd period - Shot by Carl Hagelin.
18:05 of 3rd period - Stopped by Jake Oettinger without a rebound.
18:06 of 3rd period - Carl Hagelin wins face-off versus Sean Couturier in SAN JOSE Sharks zone.
18:35 of 3rd period - Tom Wilson is hit by Justin Abdelkader and loses puck.
18:55 of 3rd period - Off-side.
18:56 of 3rd period - Victor Olofsson wins face-off versus Zemgus Girgensons in neutral zone.
19:00 of 3rd period - Victor Olofsson is hit by Christian Jaros.
19:09 of 3rd period - Icing by Dougie Hamilton.
19:10 of 3rd period - Brayden Point wins face-off versus Michael McLeod in ARIZONA Coyotes zone.
19:12 of 3rd period - Icing by Victor Olofsson.
19:13 of 3rd period - Zemgus Girgensons wins face-off versus Victor Olofsson in ARIZONA Coyotes zone.
19:56 of 3rd period - Shot by Derek Stepan.
19:56 of 3rd period - Shot Hit the Post.
Goals for this period are 1 for ARIZONA Coyotes vs 0 for SAN JOSE Sharks .
Shots for this period are 12 for ARIZONA Coyotes vs 6 for SAN JOSE Sharks .

Overtime #1


0:01 of 1st overtime period - Sean Couturier wins face-off versus Nazem Kadri in neutral zone.
0:14 of 1st overtime period - Shot by Sean Couturier .
0:14 of 1st overtime period - Deflect By Brendan Perlini.
0:14 of 1st overtime period - Shot Misses the Net.
0:16 of 1st overtime period - Shot by Cody Ceci.
0:16 of 1st overtime period - Stopped by Andrei Vasilevsky without a rebound.
0:17 of 1st overtime period - Sean Couturier wins face-off versus Nazem Kadri in ARIZONA Coyotes zone.
0:52 of 1st overtime period - Shot by Brendan Perlini.
0:52 of 1st overtime period - Shot Misses the Net.
1:20 of 1st overtime period - Shot by Klim Kostin.
1:20 of 1st overtime period - Deflect By Timo Meier.
1:20 of 1st overtime period - Stopped by Jake Oettinger without a rebound.
1:21 of 1st overtime period - Erik Haula wins face-off versus Nazem Kadri in SAN JOSE Sharks zone.
1:28 of 1st overtime period - Shot by Erik Haula.
1:28 of 1st overtime period - Shot Misses the Net.
2:26 of 1st overtime period - Shot by Mike Hoffman.
2:26 of 1st overtime period - Deflect By Brendan Perlini.
2:26 of 1st overtime period - Stopped by Andrei Vasilevsky without a rebound.
2:27 of 1st overtime period - Erik Haula wins face-off versus Klim Kostin in ARIZONA Coyotes zone.
2:54 of 1st overtime period - Shot by Klim Kostin.
2:54 of 1st overtime period - Deflect By Timo Meier.
2:54 of 1st overtime period - Shot Blocked by Erik Haula.
2:56 of 1st overtime period - Shot by Timo Meier.
2:56 of 1st overtime period - Stopped by Jake Oettinger without a rebound.
2:57 of 1st overtime period - Klim Kostin wins face-off versus Sean Couturier in SAN JOSE Sharks zone.
2:58 of 1st overtime period - Shot by Timo Meier.
2:58 of 1st overtime period - Stopped by Jake Oettinger with a rebound.
3:00 of 1st overtime period - Shot by Madison Bowey.
3:00 of 1st overtime period - Shot Misses the Net.
3:08 of 1st overtime period - Shot by Timo Meier.
3:08 of 1st overtime period - Shot Misses the Net.
3:14 of 1st overtime period - Shot by Timo Meier.
3:14 of 1st overtime period - Shot Misses the Net.
3:16 of 1st overtime period - Shot by Timo Meier.
3:16 of 1st overtime period - Shot Misses the Net.
4:34 of 1st overtime period - Shot by Mike Hoffman.
4:34 of 1st overtime period - Shot Misses the Net.
Goals for this period are 0 for ARIZONA Coyotes vs 0 for SAN JOSE Sharks .
Shots for this period are 3 for ARIZONA Coyotes vs 2 for SAN JOSE Sharks .

ShootOut


5:00 of 1st overtime period - Round #1.
5:00 of 1st overtime period - ARIZONA Coyotes , Brayden Point.
5:00 of 1st overtime period - Stopped by Jake Oettinger.
5:00 of 1st overtime period - SAN JOSE Sharks , Zemgus Girgensons.
5:00 of 1st overtime period - Goal by Zemgus Girgensons.
5:00 of 1st overtime period - Round #2.
5:00 of 1st overtime period - ARIZONA Coyotes , Victor Olofsson.
5:00 of 1st overtime period - Stopped by Jake Oettinger.
5:00 of 1st overtime period - SAN JOSE Sharks , Ondrej Palat.
5:00 of 1st overtime period - Shot Misses the Net.
5:00 of 1st overtime period - Round #3.
5:00 of 1st overtime period - ARIZONA Coyotes , Timo Meier.
5:00 of 1st overtime period - Shot Misses the Net.